 Dungeon Crawl Stone Soup version 0.27.0-1-g7a089689b8 (webtiles) character file.

Game seed: 3375265468386375476

55 avis the Insei (level 3, -7/24 HPs)
             Began as an Octopode Transmuter on Aug 6, 2021.
             Mangled by a gnoll (10 damage)
             ... on level 2 of the Dungeon.
             The game lasted 00:08:05 (1212 turns).

avis the Insei (Octopode Transmuter)                Turns: 1212, Time: 00:08:06

Health: -7/24      AC:  1    Str: 10    XL:     3   Next: 93%
Magic:  6/6        EV: 13    Int: 15    God:
Gold:   40         SH:  0    Dex: 12    Spells: 2/6 levels left

rFire    . . .     SeeInvis .   a - +3 dagger (speed)
rCold    . . .     Faith    .   (no shield)
rNeg     . . .     Spirit   .   (helmet restricted)
rPois    .         Reflect  .   (no amulet)
rElec    .         Harm     .   (no ring)
rCorr    .         Rampage  .   (no ring)
Will     .....                  (no ring)
Stlth    +++.......             (no ring)
HPRegen  0.08/turn              (no ring)
MPRegen  0.10/turn              (no ring)
                                (no ring)
                                (no ring)

@: no status effects
A: almost no armour, amphibious, 8 rings, camouflage 1, gelatinous body 1,
(nimble swimmer 1), tentacles
a: no special abilities


You were on level 2 of the Dungeon.
You visited 1 branch of the dungeon, and saw 2 of its levels.

You collected 40 gold pieces.

Inventory:

Hand Weapons
 a - a +3 dagger of speed (weapon)
 b - a +2 dagger of electrocution
 w - a +0 dagger of flaming
Missiles
 d - 29 stones
 i - 8 boomerangs (quivered)
Scrolls
 f - a scroll of identify {unknown}
 h - 2 scrolls of magic mapping {unknown}
Potions
 c - 2 potions of magic {unknown}
 e - a potion of lignification {unknown}
 g - a potion of berserk rage {unknown}


   Skills:
 - Level 2.0 Fighting
 - Level 2.0 Dodging
 - Level 2.0 Stealth
 * Level 3.5 Unarmed Combat
 - Level 2.0 Spellcasting
 - Level 2.0 Transmutations
 - Level 2.0 Poison Magic


You had 2 spell levels left.
You knew the following spells:

 Your Spells              Type           Power      Damage    Failure   Level
a - Beastly Appendage     Tmut           14%        N/A       10%         1
p - Spider Form           Tmut/Pois      3%         N/A       28%         3

Your spell library contained the following spells:

 Spells                   Type           Power      Damage    Failure   Level
 Wereblood                Tmut           7%         N/A       14%         2
 Corona                   Hex            1%         N/A       22%         1
 Ice Form                 Ice/Tmut       4%         N/A       82%         4


Dungeon Overview and Level Annotations

Branches:
Dungeon (2/15)

Altars:


Innate Abilities, Weirdness & Mutations

You cannot wear most types of armour.
You are amphibious.
You can wear up to eight rings at the same time.
Your skin changes colour to match your surroundings (Stealth+).
Your rubbery body absorbs attacks. (AC +1, EV +1)
((You are camouflaged near water. (Stealth+)))
You have tentacles for arms and can constrict up to eight enemies at once.


Message History

The adder bites you.
You hit the adder.
The adder looks as sick as possible!
The adder is heavily wounded.
Your transformation is almost over.
The adder misses you.
You bite the adder!
You kill the adder!
You hit the gnoll.
The gnoll is poisoned.
The gnoll is lightly wounded.
The gnoll misses you.
You hit the gnoll.
The gnoll looks as sick as possible!
The gnoll is heavily wounded.
The gnoll closely misses you.
A hobgoblin comes into view.
You hit the gnoll.
The gnoll looks as sick as possible!
The gnoll is almost dead.
The gnoll closely misses you.
You hit the gnoll.
You kill the gnoll!
You barely miss the ball python. The ball python barely misses you.
The ball python completely misses you. The ball python barely misses you. x2
You bite the ball python!
You kill the ball python!
The gnoll hits you from afar with a +0 spear.
Your transformation has ended.
Your +3 dagger of speed unmelds from your body.
Your tentacles tingle!
The gnoll completely misses you.
The gnoll hits you from afar with a +0 halberd.
Things that are here:
a +0 flail; a ball python corpse You hit the gnoll.
You grab the gnoll. You squeeze the gnoll.
The gnoll is severely wounded.
You constrict the gnoll, but do no damage.
The gnoll hits you with a +0 spear!
* * * LOW HITPOINT WARNING * * *
The gnoll closely misses you.
You release your grip on the gnoll.
The gnoll misses you.
There is a stone staircase leading up here.
The gnoll hits you from afar with a +0 spear!
You die...

..# #≈≈# #≈# #.#
#≈####≈# #.# ##≈#
#..# #.# #≈≈# #.##
..# #.###≈≈# #.#
#.# ##..#≈≈## #.#
#.# #...≈≈≈# #.#
#.# #.##.≈### #.#
#.# #.##.≈#@# #.#
#.# #.##†##.# #.#
#.# #.#..##g# #.##
##.## #.#.###g#
#..#
#...######.#.# #.#
##.#
..#..ggg.....# #g#
#.#
#...######.#.###g#
#.# ....#
#.g>....# #.#
....# ###.#####
#)#


You could see 3 gnolls and a hobgoblin.

Vanquished Creatures
  A gnoll (D:2)
  An adder (D:2)
  A worm (D:2)
  An endoplasm (D:2)
  A giant cockroach (D:2)
  5 goblins (D:1)
  4 hobgoblins
  4 jackals (D:1)
  A quokka (D:1)
  4 ball pythons
  3 bats (D:1)
  2 frilled lizards
  3 kobolds
  5 rats
36 creatures vanquished.

Vanquished Creatures (others)
  A plant (D:2)
1 creature vanquished.

Grand Total: 37 creatures vanquished

Notes
Turn   | Place    | Note
-------+----------+-------------------------------------------
     0 | D:1      | avis the Octopode Transmuter began the quest for the Orb.
     0 | D:1      | Reached XP level 1. HP: 13/13 MP: 3/3
    43 | D:1      | Reached skill level 1 in Stealth
   173 | D:1      | Reached XP level 2. HP: 18/18 MP: 5/5
   361 | D:1      | Found a faded altar of an unknown god.
   375 | D:1      | Got Plato's Reference Book on Glamour
   479 | D:1      | Reached skill level 1 in Poison Magic
   703 | D:1      | Reached XP level 3. HP: 24/24 MP: 4/6
   924 | D:1      | Learned a level 3 spell: Spider Form
  1183 | D:2      | HP: 1/24 [gnoll (11)]
  1212 | D:2      | Mangled by a gnoll

Illustrated notes

Levels and vault maps discovered:
D:1:      lightli_molten_gateway, layout_loops_cross,
          shapermc_ecumenical_altar_rom_forum, minivault_26
D:2:      layout_loops_ring, chequers_big_river, chequers_serial_rivers_large_b

Skill      XL: |  1  2  3 |
---------------+----------+-----
Stealth        | 2 |  2.0
Fighting       | 2 |  2.0
Poison Magic   | 1 2 |  2.0
Dodging        | |  2.0
Unarmed Combat | |  3.5
Spellcasting   | |  2.0
Transmutations | |  2.0

Action                   || total
-------------------------++-------
Melee: Dagger            ||    55
       Unarmed           ||    14
       Kick              ||    17
       Constrict         ||    19
       Tentacles         ||    13
 Cast: Beastly Appendage ||    25
       Spider Form       ||     1
 Stab: Sleeping          ||     9
Armor: Skin              ||     3
Dodge: Dodged            ||    30
